[Event "Titled Tuesday Blitz February 22 Late 2022"]
[White "Ezat, Mohamed"]
[Black "Tomiello, Mateus Costamilan"]
[WhiteFideId "10600906"]
[BlackFideId "22701958"]
[WhiteElo "2620"]
[BlackElo "2451"]
[Result "0-1"]
[Round "07"]
[TimeControl "180+1"]
[Date "2022.02.23"]
[WhiteClock "0:00:03"]
[BlackClock "0:00:02"]

1. e4 e5 2. Nf3 Nc6 3. Bb5 Nf6 4. O-O Nxe4 5. Re1 Nd6 6. Nxe5 Nxe5 7. Rxe5+ Be7 8. Bf1 O-O 9. d4 Bf6 10. Re1 Nf5 11. c3 d5 12. Bd3 c6 13. Qf3 Nh4 14. Qg3 Bf5 15. Nd2 Bxd3 16. Qxd3 Qd6 17. Nf3 Ng6 18. Bg5 Bxg5 19. Nxg5 h6 20. Nf3 Rae8 21. Qf5 Qf4 22. Qxf4 Nxf4 23. g3 Nd3 24. Rxe8 Rxe8 25. Kf1 b5 26. Rb1 b4 27. cxb4 Nxb4 28. Rc1 f6 29. a3 Nd3 30. Rxc6 Nxb2 31. Rc7 a5 32. Nh4 Nc4 33. Nf5 Nxa3 34. Rxg7+ Kh8 35. Rg6 Nc4 36. Rxf6 a4 37. Rxh6+ Kg8 38. Ra6 a3 39. Ra7 Rb8 40. Ne7+ Kf8 41. Nxd5 Rd8 42. Nf4 Rb8 43. h4 Rb2 44. Kg2 a2 45. h5 Nd2 46. h6 Ne4 47. Nd3 Rb6 48. Ra8+ Kf7 49. Ne5+ Ke6 50. Rxa2 Rb7 51. Ra6+ Kd5 52. Ng6 Rh7 53. Nf4+ Kxd4 54. Re6 Nc5 55. Rg6 Ne4 56. Nh5 Ke5 57. g4 Rh8 58. g5 Kf5 59. Rg7 Nxg5 60. Ng3+ Kf4 0-1


[Site "https://www.chess.com"]

[Event "Titled Tuesday Blitz February 22 Late 2022"]
[White "Fiorito, Fabian"]
[Black "De Souza, Cristiano Gomes"]
[WhiteFideId "100200"]
[BlackFideId "2151758"]
[WhiteElo "2395"]
[BlackElo "2068"]
[Result "1-0"]
[Round "07"]
[TimeControl "180+1"]
[Date "2022.02.23"]
[WhiteClock "0:00:13"]
[BlackClock "0:00:13"]

1. d4 Nf6 2. Nc3 g6 3. e4 d6 4. Be3 Bg7 5. Qd2 h6 6. f3 Nbd7 7. O-O-O c6 8. Kb1 b5 9. g4 b4 10. Nce2 a5 11. h4 Ba6 12. Nh3 c5 13. e5 dxe5 14. dxc5 Qc7 15. f4 Nxc5 16. Bg2 Rc8 17. fxe5 Qxe5 18. Nd4 Nfe4 19. Qe1 O-O 20. Nf2 Nxf2 21. Qxf2 Ne6 22. Rhe1 Nxd4 23. Bxd4 Qc7 24. h5 Rcd8 25. Be4 Rxd4 26. Rxd4 Bxd4 27. Qxd4 Qg3 28. Rh1 Qxg4 29. hxg6 Qf4 30. gxf7+ Kxf7 31. Rg1 Ke6 32. Qd5+ Kf6 33. Rg6# 1-0


[Site "https://www.chess.com"]

[Event "Titled Tuesday Blitz February 22 Late 2022"]
[White "Garriga Cazorla, Pere"]
[Black "Baker, Chris W"]
[WhiteFideId "32011601"]
[BlackFideId "401676"]
[WhiteElo "2458"]
[BlackElo "2270"]
[Result "1-0"]
[Round "07"]
[TimeControl "180+1"]
[Date "2022.02.22"]
[WhiteClock "0:02:09"]
[BlackClock "0:01:02"]

1. Nf3 e6 2. c4 f5 3. g3 Nf6 4. Bg2 Be7 5. O-O O-O 6. Nc3 d6 7. d4 Ne4 8. Qc2 Nxc3 9. bxc3 Nd7 10. e4 fxe4 11. Qxe4 Nf6 12. Qe2 d5 13. Ng5 Qd6 14. Re1 dxc4 15. Nxe6 Bxe6 16. Qxe6+ Qxe6 17. Rxe6 Bd6 18. Bxb7 Rab8 19. Ba6 Kf7 20. Bxc4 Kg6 21. Kg2 Rfe8 22. Rxe8 Rxe8 23. Be3 Rb8 24. Bd3+ Kf7 25. c4 Rb2 26. Rb1 Rxa2 27. h3 a5 28. c5 Be7 29. Bc4+ 1-0


[Site "https://www.chess.com"]

[Event "Titled Tuesday Blitz February 22 Late 2022"]
[White "Golubka, Petro"]
[Black "Muradli, Mahammad"]
[WhiteFideId "14114224"]
[BlackFideId "13409301"]
[WhiteElo "2392"]
[BlackElo "2645"]
[Result "1-0"]
[Round "07"]
[TimeControl "180+1"]
[Date "2022.02.22"]
[WhiteClock "0:00:39"]
[BlackClock "0:00:01"]

1. e4 Nf6 2. e5 Nd5 3. Bc4 e6 4. Qg4 d6 5. d4 c5 6. exd6 cxd4 7. Nf3 Nc6 8. O-O h5 9. Qe4 Nf6 10. Qe2 Bxd6 11. Bg5 Be7 12. Rd1 Qa5 13. Nbd2 Bd7 14. Nb3 Qb6 15. a4 a6 16. a5 Qc7 17. Nbxd4 Nxd4 18. Rxd4 Bc6 19. Ne5 Bd5 20. Bxd5 Nxd5 21. Bxe7 Qxe7 22. c4 Nf6 23. Qd2 O-O 24. b4 Rfd8 25. b5 Qc7 26. b6 Qe7 27. c5 Rd5 28. Rxd5 Nxd5 29. c6 bxc6 30. Nxc6 Qd6 31. Rc1 Rc8 32. b7 Re8 33. g3 Qc7 34. Qb2 Nf6 35. b8=Q 1-0


[Site "https://www.chess.com"]

[Event "Titled Tuesday Blitz February 22 Late 2022"]
[White "Gomez Ledo, Roberto Carlos"]
[Black "Pichot, Alan"]
[WhiteFideId "3507076"]
[BlackFideId "110973"]
[WhiteElo "2379"]
[BlackElo "2543"]
[Result "1-0"]
[Round "07"]
[TimeControl "180+1"]
[Date "2022.02.22"]
[WhiteClock "0:00:12"]
[BlackClock "0:00:02"]

1. d4 Nf6 2. Bf4 g6 3. Nc3 d5 4. Nb5 Na6 5. e3 Bg7 6. h3 O-O 7. Nf3 c6 8. Na3 b5 9. Be2 Nc7 10. O-O Nce8 11. Nb1 Nd6 12. a4 b4 13. c3 Rb8 14. Nbd2 Bf5 15. c4 Ra8 16. c5 Nde4 17. a5 Qd7 18. a6 Nxd2 19. Qxd2 Ne4 20. Qxb4 f6 21. Nd2 e5 22. Nxe4 Bxe4 23. Bg3 Rab8 24. Qc3 Rfe8 25. b4 h5 26. Bd3 Bxd3 27. Qxd3 Rxb4 28. Qxg6 exd4 29. exd4 Qf7 30. Qd3 f5 31. Be5 Bxe5 32. dxe5 Rxe5 33. Rab1 Ree4 34. Rxb4 Rxb4 35. Re1 Re4 36. Rb1 Qc7 37. Qf3 Qe5 38. Qxh5 Re1+ 39. Rxe1 Qxe1+ 40. Kh2 Qe5+ 41. g3 d4 42. Qg6+ Kf8 43. Qxc6 d3 44. Qa8+ Kf7 45. Qxa7+ Kg6 46. Qb6+ Kh5 47. a7 Qd5 48. c6 d2 49. a8=Q d1=Q 50. Qh8+ Kg5 51. Qg7+ Kh5 52. g4+ fxg4 53. Qxg4+ Qxg4 54. hxg4+ Kxg4 55. Qb4+ Kf3 56. Qc3+ Kxf2 57. Qg3+ Kf1 58. Qh3+ Ke1 59. Qg3+ Kd1 60. Qg1+ Kc2 61. Qg2+ Qxg2+ 62. Kxg2 1-0


[Site "https://www.chess.com"]

[Event "Titled Tuesday Blitz February 22 Late 2022"]
[White "Gracia Alvarez, Gerardo Antonio"]
[Black "Tregubov, Pavel V."]
[WhiteFideId "5109124"]
[BlackFideId "4115341"]
[WhiteElo "2481"]
[BlackElo "2624"]
[Result "1-0"]
[Round "07"]
[TimeControl "180+1"]
[Date "2022.02.23"]
[WhiteClock "0:00:06"]
[BlackClock "0:00:09"]

1. c4 c5 2. Nc3 Nf6 3. g3 d5 4. cxd5 Nxd5 5. Bg2 Nc7 6. d3 e5 7. Nh3 Nc6 8. O-O Be7 9. f4 O-O 10. f5 Nd4 11. g4 Rb8 12. e3 Nc6 13. Ne4 f6 14. Nhf2 Bd7 15. h4 Kh8 16. Qf3 Be8 17. Bd2 h6 18. Rac1 b6 19. Qg3 Nd5 20. Kh2 Ndb4 21. Rcd1 Nxa2 22. g5 fxg5 23. hxg5 Bxg5 24. Nh3 Bf6 25. Bf3 Nab4 26. Bc3 Nd5 27. Rg1 Nxe3 28. Rde1 Nxf5 29. Qg4 Nfd4 30. Bd1 Qd7 31. Qg2 Rb7 32. Ref1 Qe6 33. Bg4 Qe7 34. Bd2 Bd7 35. Bxh6 gxh6 36. Nxf6 Qg7 37. Nxd7 Rxf1 38. Qxf1 e4 39. dxe4 Ne5 40. Nxe5 Qxe5+ 41. Qf4 Qxf4+ 42. Nxf4 Re7 43. Ng6+ Kg7 44. Nxe7 Kf6 45. Nd5+ Ke5 46. Nc3 b5 47. Bh5 b4 48. Ne2 Nc2 49. Ng3 c4 50. Rc1 b3 51. Bd1 Ne3 52. Be2 Kd4 53. e5 Kxe5 54. Bxc4 a5 55. Bxb3 Ng4+ 56. Kg1 Ne3 57. Rc5+ 1-0


[Site "https://www.chess.com"]

[Event "Titled Tuesday Blitz February 22 Late 2022"]
[White "Gupta, Abhijeet"]
[Black "Deac, Bogdan-Daniel"]
[WhiteFideId "5010608"]
[BlackFideId "1226380"]
[WhiteElo "2549"]
[BlackElo "2646"]
[Result "1-0"]
[Round "07"]
[TimeControl "180+1"]
[Date "2022.02.22"]
[WhiteClock "0:01:08"]
[BlackClock "0:00:08"]

1. d4 Nf6 2. Nf3 d5 3. Bf4 c5 4. e3 Nc6 5. Nbd2 Nh5 6. dxc5 Nxf4 7. exf4 Qa5 8. a3 Qxc5 9. c4 e6 10. Bd3 g6 11. O-O Bg7 12. cxd5 Qxd5 13. Be4 Qd6 14. Qc1 Bd7 15. Nc4 Qe7 16. Qe3 O-O 17. Rad1 Rfd8 18. b4 a6 19. Qc5 Qxc5 20. bxc5 Rab8 21. Nd6 Na5 22. Ne5 Bxe5 23. fxe5 Bc6 24. Bxc6 bxc6 25. Rd3 Rb3 26. Rfd1 Rdb8 27. g3 Kf8 28. Kg2 Ke7 29. Rd4 Rc3 30. Ne4 Rc2 31. Rd7+ Kf8 32. Ng5 Kg8 33. Nxf7 Rf8 34. Nh6+ Kh8 35. Ng4 Nc4 36. Nf6 1-0


[Site "https://www.chess.com"]

[Event "Titled Tuesday Blitz February 22 Late 2022"]
[White "Hadzovic, Amir"]
[Black "Vifleemskaia, Svetlana"]
[WhiteFideId "14402300"]
[BlackFideId "4129490"]
[WhiteElo "2214"]
[BlackElo "1901"]
[Result "1/2-1/2"]
[Round "07"]
[TimeControl "180+1"]
[Date "2022.02.23"]
[WhiteClock "0:00:16"]
[BlackClock "0:00:46"]

1. e4 e5 2. Nc3 Nf6 3. f4 d5 4. fxe5 Nxe4 5. Nf3 Be7 6. Be2 O-O 7. O-O c5 8. d3 Nxc3 9. bxc3 Nc6 10. Qe1 Bf5 11. Qg3 Bg6 12. Bg5 Re8 13. Rae1 Bxg5 14. Nxg5 Rxe5 15. h4 Qe7 16. Bf3 Re8 17. Rxe5 Qxe5 18. Qg4 h6 19. Nh3 Bf5 20. Qh5 Bxh3 21. Qxe5 Nxe5 22. gxh3 Nxf3+ 23. Rxf3 g6 24. Rf6 Re6 25. Rf4 Kg7 26. h5 f5 27. hxg6 Kxg6 28. Kf2 Kg5 29. Ra4 a6 30. h4+ Kf6 31. Rf4 Ke5 32. Ke3 Kf6+ 33. Kf2 Re8 34. Rf3 Re6 35. Rf4 1/2-1/2


[Site "https://www.chess.com"]

[Event "Titled Tuesday Blitz February 22 Late 2022"]
[White "Hakemi, Arman"]
[Black "Warakomska, Anna"]
[WhiteFideId "22520805"]
[BlackFideId "1130790"]
[WhiteElo "2659"]
[BlackElo "2495"]
[Result "1-0"]
[Round "07"]
[TimeControl "180+1"]
[Date "2022.02.23"]
[WhiteClock "0:00:55"]
[BlackClock "0:00:03"]

1. e4 c5 2. Nf3 e6 3. c3 Nf6 4. e5 Nd5 5. g3 d6 6. exd6 Bxd6 7. Bg2 Nc6 8. O-O O-O 9. d4 cxd4 10. Nxd4 Nxd4 11. Qxd4 Qc7 12. Rd1 Bc5 13. Qd3 Bd7 14. a3 a6 15. c4 Nf6 16. b4 Be7 17. Bb2 Bc6 18. Nd2 Rfd8 19. Qe2 Bxg2 20. Kxg2 Rac8 21. Rac1 Ne8 22. c5 Bf6 23. Bxf6 Nxf6 24. Qf3 a5 25. Nc4 axb4 26. axb4 Rxd1 27. Rxd1 Nd5 28. Nd6 Ra8 29. b5 f6 30. Rxd5 exd5 31. Qxd5+ Kf8 32. Nxb7 Rc8 33. c6 Re8 34. Nc5 Rd8 35. Ne6+ 1-0


[Site "https://www.chess.com"]

[Event "Titled Tuesday Blitz February 22 Late 2022"]
[White "Hakobyan, Aram"]
[Black "Savchenko, Boris"]
[WhiteFideId "13306677"]
[BlackFideId "4147332"]
[WhiteElo "2557"]
[BlackElo "2512"]
[Result "1-0"]
[Round "07"]
[TimeControl "180+1"]
[Date "2022.02.22"]
[WhiteClock "0:00:29"]
[BlackClock "0:00:03"]

1. d4 Nf6 2. Bg5 d5 3. e3 Nbd7 4. Nf3 h6 5. Bf4 Nh5 6. Nbd2 e6 7. Bd3 Nxf4 8. exf4 g6 9. c3 c5 10. Qe2 Bg7 11. h4 h5 12. O-O a6 13. Rfe1 O-O 14. Ne5 cxd4 15. cxd4 Nxe5 16. dxe5 Qxh4 17. g3 Qe7 18. Nf3 Bd7 19. Nd4 Rac8 20. Kg2 Qb4 21. Qe3 Qxb2 22. Rab1 Qxa2 23. Rxb7 Qa4 24. Reb1 Rc3 25. R1b4 Qa3 26. Nc2 Qa5 27. Rxd7 Rxc2 28. Rbb7 Ra2 29. Bxg6 d4 30. Qf3 1-0


[Site "https://www.chess.com"]

[Event "Titled Tuesday Blitz February 22 Late 2022"]
[White "Hambleton, Aman"]
[Black "Bluebaum, Matthias"]
[WhiteFideId "2606577"]
[BlackFideId "24651516"]
[WhiteElo "2552"]
[BlackElo "2550"]
[Result "1-0"]
[Round "07"]
[TimeControl "180+1"]
[Date "2022.02.22"]
[WhiteClock "0:00:06"]
[BlackClock "0:00:07"]

1. d4 Nf6 2. c4 e6 3. Nc3 d5 4. cxd5 exd5 5. Bg5 c6 6. e3 h6 7. Bh4 Bf5 8. Qf3 Be6 9. Bxf6 Qxf6 10. Qxf6 gxf6 11. Bd3 a5 12. Nf3 a4 13. a3 Nd7 14. Nh4 b5 15. f4 Nb6 16. Kf2 b4 17. axb4 Bxb4 18. Rhc1 Bd7 19. Ne2 O-O 20. Rc2 Rfb8 21. Ng3 Bf8 22. Nh5 Be7 23. Bf5 Be8 24. Bd3 Bd7 25. Bf5 Be8 26. Ra2 Nc4 27. Bd3 Nd6 28. Nf5 Nxf5 29. Bxf5 Rb3 30. g4 Kf8 31. Ke2 Ra5 32. Bd3 c5 33. dxc5 Bxc5 34. Nxf6 Bc6 35. h4 Ke7 36. g5 hxg5 37. fxg5 Kd6 38. h5 Bb5 39. Rd2 Ra7 40. Bxb5 Rxe3+ 41. Kd1 Bb4 42. Rxd5+ Ke6 43. Bc4 Ke7 44. Rf5 Kf8 45. Nd5 Re1+ 46. Kc2 Ba5 47. Rxa4 Rh1 48. b4 Rh2+ 49. Kb3 Rh3+ 50. Nc3 Bb6 51. Rxa7 Bxa7 52. Rxf7+ Ke8 53. Rxa7 Rxh5 54. Bf7+ Kd8 55. Bxh5 1-0


[Site "https://www.chess.com"]

[Event "Titled Tuesday Blitz February 22 Late 2022"]
[White "Hasangatin, Ramil"]
[Black "Garagulya, Konstantin"]
[WhiteFideId "4122160"]
[BlackFideId "4128931"]
[WhiteElo "2695"]
[BlackElo "2520"]
[Result "1-0"]
[Round "07"]
[TimeControl "180+1"]
[Date "2022.02.23"]
[WhiteClock "0:01:26"]
[BlackClock "0:00:23"]

1. e4 c5 2. Nf3 a6 3. c3 d5 4. exd5 Qxd5 5. d4 Nf6 6. Be3 cxd4 7. Qxd4 Nc6 8. Qxd5 Nxd5 9. Bd2 Bg4 10. Be2 f6 11. h3 Bh5 12. Na3 e5 13. Nc4 e4 14. Nd4 Bxe2 15. Nxe2 O-O-O 16. O-O-O Bc5 17. Ng3 f5 18. Nxf5 Bxf2 19. Ncd6+ Kc7 20. Nxe4 Rhf8 21. Nxg7 Ne3 22. Ne6+ Kc8 23. Nxd8 Nxd1 24. Nxc6 1-0


[Site "https://www.chess.com"]

[Event "Titled Tuesday Blitz February 22 Late 2022"]
[White "Hess, Robert"]
[Black "Martinez Alcantara, Jose Eduardo"]
[WhiteFideId "2022036"]
[BlackFideId "3805662"]
[WhiteElo "2557"]
[BlackElo "2690"]
[Result "1/2-1/2"]
[Round "07"]
[TimeControl "180+1"]
[Date "2022.02.22"]
[WhiteClock "0:00:09"]
[BlackClock "0:00:09"]

1. b3 d5 2. Bb2 Bf5 3. d3 e6 4. Nd2 h6 5. h3 Bh7 6. Ngf3 Nf6 7. g4 c5 8. Rg1 Nc6 9. g5 hxg5 10. Nxg5 d4 11. Nxh7 Rxh7 12. c4 dxc3 13. Bxc3 Nd5 14. Bb2 Ne3 15. Qc1 Nxf1 16. Nxf1 g6 17. Rg3 Bd6 18. Rf3 Be5 19. Bxe5 Nxe5 20. Re3 Qd6 21. Nd2 Nd7 22. Qc3 Qd4 23. Rc1 Qxc3 24. Rxc3 b6 25. Kf1 Nf6 26. Rf3 Nd5 27. Rc4 Rd8 28. Ne4 Ke7 29. Ng5 Rg7 30. a3 f6 31. Ne4 a5 32. Nc3 Rh7 33. Kg2 Rh5 34. Nxd5+ exd5 35. Rg4 Kf7 36. b4 cxb4 37. axb4 a4 38. d4 b5 39. Rc3 Rd7 40. Rgg3 Ra7 41. Ra3 Rh4 42. Rgd3 Re4 43. e3 Ree7 44. Rdc3 Rec7 45. Rc5 Rxc5 46. dxc5 Ke6 47. Kf3 d4 48. Ke4 dxe3 49. Rxe3 a3 50. Re1 a2 51. Ra1 Ra4 52. Kd3 Rxb4 53. Rxa2 Kd5 54. Ra6 Rf4 55. Ke3 Rf5 56. c6 Kd6 57. f4 Rh5 58. c7+ Kxc7 59. Rxf6 Rxh3+ 60. Kd4 b4 61. Rxg6 b3 62. Rg2 Kb6 63. Kc4 Ka5 64. Rg8 b2 65. Ra8+ Kb6 66. Rb8+ Kc6 67. Rxb2 Rf3 68. Kd4 Rxf4+ 69. Ke5 Rf8 70. Kd4 Rd8+ 71. Kc4 Rh8 72. Rd2 Rc8 73. Rd4 Rc7 74. Kd3 Kb7 75. Rc4 Kc8 76. Rxc7+ Kxc7 1/2-1/2


[Site "https://www.chess.com"]

[Event "Titled Tuesday Blitz February 22 Late 2022"]
[White "Holt, Conrad"]
[Black "Vlassov, Nikolai"]
[WhiteFideId "2034387"]
[BlackFideId "4103360"]
[WhiteElo "2586"]
[BlackElo "2407"]
[Result "1-0"]
[Round "07"]
[TimeControl "180+1"]
[Date "2022.02.22"]
[WhiteClock "0:00:52"]
[BlackClock "0:00:06"]

1. d4 Nf6 2. c4 Nc6 3. Nf3 e6 4. e3 Bb4+ 5. Nbd2 a5 6. Bd3 d6 7. O-O e5 8. Qc2 Bg4 9. h3 Bxd2 10. Nxd2 Nb4 11. Qc3 Nxd3 12. Qxd3 Bh5 13. f4 exf4 14. exf4 d5 15. Re1+ Kf8 16. g4 Bxg4 17. hxg4 Nxg4 18. Nf3 h5 19. f5 dxc4 20. Qxc4 Ra6 21. Bg5 Qd7 22. Qc5+ Kg8 23. Re7 Qd6 24. Qxd6 cxd6 25. Bf4 f6 26. Rc1 Kh7 27. Rcc7 Rg8 28. d5 b5 29. Nd4 Nh6 30. Kg2 b4 31. Kh3 a4 32. Kh4 b3 33. axb3 axb3 34. Kxh5 Ra5 35. Bxh6 Rxd5 36. Rxg7+ Rxg7 37. Bxg7 Rxd4 38. Bxf6+ 1-0


[Site "https://www.chess.com"]

[Event "Titled Tuesday Blitz February 22 Late 2022"]
[White "Horak, Martin"]
[Black "Gerbelli Neto, Eduardo"]
[WhiteFideId "367095"]
[BlackFideId "2103281"]
[WhiteElo "1997"]
[BlackElo "2178"]
[Result "1-0"]
[Round "07"]
[TimeControl "180+1"]
[Date "2022.02.23"]
[WhiteClock "0:00:01"]
[BlackClock "0:00:03"]

1. d4 d5 2. c4 c6 3. Nf3 Nf6 4. g3 dxc4 5. Bg2 e6 6. O-O b5 7. a4 Bb7 8. b3 b4 9. bxc4 a5 10. Nbd2 Nbd7 11. Nb3 Be7 12. Bb2 c5 13. e3 O-O 14. Qc2 Be4 15. Qe2 Qb6 16. Rfd1 Rfc8 17. Rac1 Qc6 18. Nbd2 Qxa4 19. Nxe4 Nxe4 20. Ne5 Ndf6 21. Ra1 Qe8 22. Qd3 Nd6 23. Bxa8 Rxa8 24. dxc5 Nb7 25. c6 Nc5 26. Qc2 a4 27. Bd4 b3 28. Qe2 a3 29. Bxc5 Bxc5 30. Nd7 Qe7 31. Qd3 b2 32. Ra2 Bb4 33. c7 Ba5 34. Nxf6+ gxf6 35. Rxa3 Qxc7 36. Rb3 Rb8 37. Rxb8+ Qxb8 38. Rb1 Bc7 39. Qc2 Be5 40. f4 Qb6 41. fxe5 Qxe3+ 42. Kg2 Qxe5 43. Rxb2 f5 44. Rb3 Qd4 45. Rf3 Qc5 46. Rf4 Kg7 47. Qf2 Qc6+ 48. Kh3 h5 49. c5 e5 50. Rxf5 Qe6 51. Qf3 Kg6 52. Qxh5+ 1-0


[Site "https://www.chess.com"]

[Event "Titled Tuesday Blitz February 22 Late 2022"]
[White "Ibarra Jerez, Jose Carlos"]
[Black "Curtis, John"]
[WhiteFideId "2226332"]
[BlackFideId "3200256"]
[WhiteElo "2823"]
[BlackElo "2246"]
[Result "1-0"]
[Round "07"]
[TimeControl "180+1"]
[Date "2022.02.23"]
[WhiteClock "0:01:21"]
[BlackClock "0:00:42"]

1. e4 c5 2. Nc3 Nc6 3. Nf3 e6 4. d4 cxd4 5. Nxd4 Nf6 6. Ndb5 Bb4 7. a3 Bxc3+ 8. Nxc3 d5 9. Bd3 dxe4 10. Nxe4 Nxe4 11. Bxe4 Qxd1+ 12. Kxd1 Bd7 13. Be3 O-O 14. Kc1 Nd8 15. f3 Bc6 16. Bd3 e5 17. Re1 Re8 18. b3 a6 19. Bb6 f6 20. Bc4+ Ne6 21. f4 Kh8 22. fxe5 f5 23. g3 Be4 24. Kb2 Rac8 25. Rad1 Rc6 26. Rd6 g6 27. Red1 h5 28. Rxc6 Bxc6 29. Rd6 Nf8 30. Bf7 Ra8 31. e6 Kh7 32. e7 Kg7 33. exf8=Q+ Rxf8 34. Bxg6 f4 35. Bd4+ Kh6 36. Be4+ Rf6 37. Rxf6+ 1-0


[Site "https://www.chess.com"]

[Event "Titled Tuesday Blitz February 22 Late 2022"]
[White "Jacobson, Aaron"]
[Black "Shirov, Alexei"]
[WhiteFideId "2089912"]
[BlackFideId "2209390"]
[WhiteElo "2265"]
[BlackElo "2645"]
[Result "0-1"]
[Round "07"]
[TimeControl "180+1"]
[Date "2022.02.22"]
[WhiteClock "0:00:17"]
[BlackClock "0:00:03"]

1. e4 e5 2. Nf3 Nc6 3. Nc3 g6 4. d4 exd4 5. Nxd4 Bg7 6. Be3 Nf6 7. Qd2 O-O 8. O-O-O Re8 9. f3 d5 10. exd5 Nxd5 11. Bg5 Nde7 12. Nxc6 Qxd2+ 13. Rxd2 Nxc6 14. Nd5 Re1+ 15. Rd1 Bxb2+ 16. Kd2 Re5 17. Nxc7 Rxg5 18. Nxa8 Rc5 19. c4 Be5 20. g3 Ra5 21. f4 Rxa2+ 22. Kc1 Ra1+ 23. Kc2 Bf5+ 24. Bd3 Ra2+ 25. Kb3 Rb2+ 26. Ka3 Na5 27. fxe5 Rb3+ 28. Ka4 Bxd3 29. Rxd3 Rxd3 30. Kxa5 Re3 31. Kb4 Rxe5 32. Nc7 Kg7 33. Ra1 a6 34. Ra2 h5 35. Nd5 g5 36. Kc3 Re1 37. Rb2 b5 38. c5 Rc1+ 39. Rc2 Rd1 40. Nb4 a5 41. Nd3 b4+ 42. Kd4 b3 43. Rb2 a4 44. Kc3 a3 45. Rxb3 a2 46. Ra3 a1=Q+ 47. Rxa1 Rxa1 48. Kd4 Ra8 49. Kd5 Rd8+ 50. Kc4 Kf6 51. c6 Ke7 52. Ne5 Ke6 53. Nf3 g4 54. Ng5+ Kf6 55. Ne4+ Ke5 56. Ng5 Rc8 57. Kc5 f5 58. Nf7+ Ke6 59. Nd6 Rc7 60. Nb5 Rc8 61. Nd6 Ra8 62. c7 f4 63. gxf4 h4 64. f5+ Kd7 65. c8=Q+ Rxc8+ 66. Nxc8 Kxc8 67. f6 Kd7 68. Kd4 g3 69. hxg3 h3 70. f7 Ke7 71. Ke5 Kxf7 72. Kf4 h2 73. Kg4 h1=Q 74. Kf5 Qh5+ 75. Kf4 Qg6 76. g4 Qf6+ 77. Kg3 Qg5 78. Kf3 Kf6 79. Kg3 Ke5 80. Kf3 Kd4 81. Kg2 Ke3 82. Kh3 Ke4 83. Kh2 Kf3 84. Kh3 Qh6# 0-1


[Site "https://www.chess.com"]

[Event "Titled Tuesday Blitz February 22 Late 2022"]
[White "Jaferian, Koosha"]
[Black "Lehtosaari, Mauri"]
[WhiteFideId "12507440"]
[BlackFideId "501999"]
[WhiteElo "2027"]
[BlackElo "2441"]
[Result "1-0"]
[Round "07"]
[TimeControl "180+1"]
[Date "2022.02.23"]
[WhiteClock "0:02:02"]
[BlackClock "0:00:46"]

1. Nf3 d5 2. b3 Nf6 3. Bb2 Bf5 4. g3 c6 5. Bg2 e6 6. O-O Be7 7. d3 O-O 8. Nbd2 a5 9. a4 h6 10. e3 Na6 11. Qe2 Nb4 12. Ne1 Qb6 13. h3 Rfe8 14. f4 Qa6 15. g4 Bh7 16. h4 Nxc2 17. Nxc2 Bxd3 18. Qd1 Bxf1 19. Bxf1 Qb6 20. g5 hxg5 21. hxg5 Ne4 22. Bd3 Rad8 23. Qh5 Bc5 24. Kg2 Kf8 25. Nxe4 dxe4 26. Bf6 1-0


[Site "https://www.chess.com"]

[Event "Titled Tuesday Blitz February 22 Late 2022"]
[White "Jarocka, Liwia"]
[Black "Goltsev, Dmitry"]
[WhiteFideId "21807558"]
[BlackFideId "24176710"]
[WhiteElo "1896"]
[BlackElo "2273"]
[Result "0-1"]
[Round "07"]
[TimeControl "180+1"]
[Date "2022.02.23"]
[WhiteClock "0:00:31"]
[BlackClock "0:01:54"]

1. d4 d5 2. Nf3 Nf6 3. g3 c6 4. Bg2 g6 5. O-O Bg7 6. c4 O-O 7. Ne5 Nbd7 8. Nc3 e6 9. Bf4 Nh5 10. Rc1 Nxf4 11. gxf4 f6 12. Nxd7 Bxd7 13. e3 dxc4 14. Na4 Qa5 15. Nc5 Bc8 16. Rxc4 Qxa2 17. Qc2 Qa5 18. b4 Qc7 19. Qb3 a6 20. Rc2 Kh8 21. Rfc1 e5 22. fxe5 fxe5 23. d5 Bf5 24. e4 Bg4 25. dxc6 bxc6 26. h3 Bc8 27. Nd3 Qe7 28. Rxc6 Qg5 29. Ne1 Bd7 30. Rc7 Rad8 31. Qg3 Qxg3 32. fxg3 Bb5 33. Nf3 Bh6 34. Rf1 Bxf1 35. Kxf1 Rd3 36. Ke2 Re3+ 37. Kf2 Rxe4 38. Rc6 Rxb4 39. Rxa6 e4 0-1


[Site "https://www.chess.com"]

[Event "Titled Tuesday Blitz February 22 Late 2022"]
[White "Jimenez Almeida, Luis David"]
[Black "Martin Barcelo, Carles"]
[WhiteFideId "22242244"]
[BlackFideId "24561444"]
[WhiteElo "2092"]
[BlackElo "1875"]
[Result "0-1"]
[Round "07"]
[TimeControl "180+1"]
[Date "2022.02.23"]
[WhiteClock "0:00:09"]
[BlackClock "0:00:43"]

1. d4 Nf6 2. Nf3 g6 3. c4 Bg7 4. Nc3 O-O 5. e4 d6 6. Be2 e5 7. O-O Bg4 8. Be3 Bxf3 9. Bxf3 exd4 10. Bxd4 Nc6 11. Be3 Re8 12. Rc1 Qd7 13. c5 dxc5 14. Bxc5 Rad8 15. Qb3 b6 16. Be3 Nd4 17. Bxd4 Qxd4 18. Rfd1 Qe5 19. h3 c5 20. Qa4 Qe7 21. Qc6 h5 22. b3 Nh7 23. Nd5 Qe5 24. h4 Nf6 25. g3 Nxe4 26. Bxe4 Qxe4 27. Re1 Qxe1+ 28. Rxe1 Rxe1+ 29. Kg2 Re6 30. Qb7 Red6 31. Ne7+ Kf8 32. Nc6 Re8 33. Qc7 Rd2 34. a4 Bf6 35. Qxa7 Ree2 36. Qb8+ Kg7 37. Qf4 Rb2 38. Qf3 Bc3 39. Na7 Bd4 0-1


[Site "https://www.chess.com"]

[Event "Titled Tuesday Blitz February 22 Late 2022"]
[White "Jones, Gawain C B"]
[Black "Xiong, Jeffery"]
[WhiteFideId "409561"]
[BlackFideId "2047640"]
[WhiteElo "2657"]
[BlackElo "2727"]
[Result "1-0"]
[Round "07"]
[TimeControl "180+1"]
[Date "2022.02.22"]
[WhiteClock "0:00:06"]
[BlackClock "0:00:03"]

1. Nf3 d5 2. g3 Nf6 3. Bg2 c5 4. c4 d4 5. b4 cxb4 6. a3 b3 7. O-O Nc6 8. Qxb3 e5 9. d3 Be7 10. Bg5 Nd7 11. Bxe7 Qxe7 12. Nbd2 Nc5 13. Qc2 O-O 14. Nb3 Ne6 15. Rfe1 Rd8 16. e3 dxe3 17. Rxe3 Qc7 18. Rae1 f6 19. Qb2 a5 20. d4 a4 21. dxe5 axb3 22. exf6 gxf6 23. Rxe6 Bxe6 24. Rxe6 Rd1+ 25. Bf1 Qd7 26. Re3 Qh3 27. Ne1 Qf5 28. Qxb3 Rb1 29. Qc3 Ne5 30. Kg2 Rd8 31. Nf3 Ng4 32. Rd3 Re8 33. Rd5 Qe6 34. Bd3 Qb6 35. Bxb1 Qxf2+ 36. Kh3 Ne3 37. Qxf6 Qf1+ 38. Kh4 Nxd5 39. Bxh7+ Kxh7 40. Ng5+ Kg8 41. Qxf1 1-0


[Site "https://www.chess.com"]

[Event "Titled Tuesday Blitz February 22 Late 2022"]
[White "Klukin, Kirill"]
[Black "Van den Dikkenberg, Erik"]
[WhiteFideId "24199273"]
[BlackFideId "1005880"]
[WhiteElo "2324"]
[BlackElo "2118"]
[Result "1-0"]
[Round "07"]
[TimeControl "180+1"]
[Date "2022.02.23"]
[WhiteClock "0:01:03"]
[BlackClock "0:00:18"]

1. c4 e5 2. Nc3 Nc6 3. g3 f5 4. Bg2 Nf6 5. e3 d5 6. cxd5 Nb4 7. d4 e4 8. Bf1 Nfxd5 9. Qb3 c6 10. a3 Nd3+ 11. Bxd3 exd3 12. Nxd5 Qxd5 13. Qxd5 cxd5 14. Bd2 Bd7 15. Rc1 Rc8 16. Rxc8+ Bxc8 17. Nf3 Bd6 18. Bb4 Bxb4+ 19. axb4 Bd7 20. Kd2 Bb5 21. Rc1 O-O 22. Ne5 g5 23. f4 gxf4 24. exf4 Re8 25. Rc7 a6 26. Rxb7 Rc8 27. Nxd3 Rc4 28. Ke3 Rc2 29. Nc5 Rxh2 30. b3 Rg2 31. Kf3 Rb2 32. Rb6 Rd2 33. g4 fxg4+ 34. Kxg4 Rxd4 35. Kg5 Rxb4 36. f5 Rd4 37. Kf6 h5 38. Ne6 Rd3 39. Rb8+ Kh7 40. Ng5+ Kh6 41. Rh8# 1-0


[Site "https://www.chess.com"]

[Event "Titled Tuesday Blitz February 22 Late 2022"]
[White "Kohler, Aran"]
[Black "Golubovskis, Maksims"]
[WhiteFideId "1002856"]
[BlackFideId "11608528"]
[WhiteElo "2238"]
[BlackElo "2066"]
[Result "1-0"]
[Round "07"]
[TimeControl "180+1"]
[Date "2022.02.23"]
[WhiteClock "0:01:57"]
[BlackClock "0:00:58"]

1. d4 Nf6 2. c3 d5 3. Bg5 c5 4. e3 e6 5. Nd2 Bd6 6. Ngf3 Nc6 7. Bd3 O-O 8. h4 h6 9. Qe2 c4 10. Bc2 b5 11. Bxf6 Qxf6 12. a3 a5 13. e4 Qf4 14. e5 Be7 15. g3 Qg4 16. Qe3 b4 17. axb4 axb4 18. Rxa8 1-0


[Site "https://www.chess.com"]